 Dungeon Crawl Stone Soup version 0.19.1-1-g22dce08 (webtiles) character file.

65 Da5id the Poker (level 4, 0/33 HPs)
             Began as a Merfolk Gladiator on Jan 1, 2017.
             Slain by thejctrill's ghost (4 damage)
             ... on level 3 of the Dungeon.
             The game lasted 00:02:20 (2237 turns).

Da5id the Poker (Merfolk Gladiator)                 Turns: 2237, Time: 00:02:20

Health: 0/33       AC:  5    Str: 16    XL:     4   Next: 14%
Magic:  4/4        EV: 15    Int:  7    God:
Gold:   95         SH:  0    Dex: 16    Spells: 0 memorised, 3 levels left

rFire  . . .     SeeInvis .     a - +0 trident
rCold  . . .     Gourm    .     b - +0 leather armour
rNeg   . . .     Faith    .     (no shield)
rPois  .         Spirit   .     p - +1 helmet
rElec  .         Reflect  .     (no cloak)
rCorr  .         Harm     .     (no gloves)
MR     .....                    (no boots)
Stlth  +.........               (no amulet)
                                (no ring)
                                n - +2 ring of dexterity

@: no status effects
A: change form in water, swift swim, stealthy swim
a: no special abilities


You were on level 3 of the Dungeon.
You were not hungry.

You visited 1 branch of the dungeon, and saw 3 of its levels.

You collected 95 gold pieces.

Inventory:

Hand Weapons
 a - a +0 trident (weapon)
Missiles
 d - 3 throwing nets (quivered)
Armour
 b - a +0 leather armour (worn)
 p - a +1 helmet (worn)
Jewellery
 g - an uncursed ring of positive energy {unknown}
 n - a +2 ring of dexterity (left hand)
Scrolls
 h - a scroll of recharging {unknown}
 i - a scroll of enchant armour {unknown}
 j - 7 scrolls of identify {unknown}
 o - 3 scrolls of enchant weapon {unknown}
 q - a scroll of fog {unknown}
Potions
 e - 2 potions of mutation {unknown}
 k - 3 potions of cancellation {unknown}
Comestibles
 c - 3 chunks of flesh
 f - a bread ration
 l - 2 fruits
 m - a meat ration


   Skills:
 - Level 2.1 Fighting
 + Level 6.3 Polearms
 - Level 2.0 Throwing
 + Level 4.9 Dodging


You had 3 spell levels left.
You didn't know any spells.

Dungeon Overview and Level Annotations

Branches:
Dungeon (3/15)

Altars:
Elyvilon
Trog

Annotations:
D:3 thejctrill's ghost, amateur MiFi


Message History

Attack whom?
Press: ? - help, Dir - move target cursor, f - thejctrill's ghost
Aim: thejctrill's ghost (lightly damaged)
You hit thejctrill's ghost but do no damage.
Thejctrill's ghost is lightly damaged.
Thejctrill's ghost hits you.
Attack whom?
Press: ? - help, Dir - move target cursor, f/p - thejctrill's ghost
Aim: thejctrill's ghost (lightly damaged)
You barely miss thejctrill's ghost.
Thejctrill's ghost is lightly damaged.
Thejctrill's ghost hits you!
* * * LOW HITPOINT WARNING * * *
Attack whom?
Press: ? - help, Dir - move target cursor, f/p - thejctrill's ghost
Aim: thejctrill's ghost (lightly damaged)
You hit thejctrill's ghost.
Thejctrill's ghost is lightly damaged.
Thejctrill's ghost hits you.
You die...

######
###......
#.W...#
###@#.#
#.#.#.#
#.#.#.#.#
#.....#.#
#.#.###..
#.#.# #.#
#.#.# #.#
#.#.# #.#
#.#.# #.#


You could see thejctrill's ghost.

Vanquished Creatures
  An adder (D:2)
  An ooze (D:2)
  2 worms (D:2)
  A ball python (D:1)
  5 bats
  3 giant cockroaches
  3 goblins (D:2)
  9 hobgoblins
  3 jackals (D:2)
  3 kobolds
  2 quokkas (D:2)
  3 frilled lizards
  7 rats
43 creatures vanquished.

Notes
Turn   | Place    | Note
-------+----------+-------------------------------------------
     0 | D:1      | Da5id the Merfolk Gladiator began the quest for the Orb.
     0 | D:1      | Reached XP level 1. HP: 16/16 MP: 1/1
    61 | D:1      | Reached skill level 5 in Polearms
    63 | D:1      | Reached XP level 2. HP: 14/22 MP: 2/2
  1049 | D:2      | Reached XP level 3. HP: 27/27 MP: 3/3
  1096 | D:2      | Reached skill level 6 in Polearms
  1679 | D:2      | Reached XP level 4. HP: 33/33 MP: 4/4
  1694 | D:2      | Found a white marble altar of Elyvilon.
  1954 | D:2      | Found a bloodstained altar of Trog.
  2231 | D:3      | Noticed thejctrill's ghost (amateur MiFi)
  2237 | D:3      | Slain by thejctrill's ghost

Skill      XL: |  1  2  3 |
---------------+----------+-----
Polearms       | 5 6 |  6.3
Fighting       | |  2.1
Throwing       | |  2.0
Dodging        | |  4.9

Action                   |  1- 3 |  4- 6 || total
-------------------------+-------+-------++-------
Melee: Trident           |    99 |    30 ||   129
 Stab: Sleeping          |     2 |     1 ||     3
  Eat: Chunk             |     2 |     2 ||     4
Armor: Leather armour    |    15 |     4 ||    19
Dodge: Dodged            |    40 |    16 ||    56
